 Dungeon Sprint DCSS version 0.19-a0-1682-g5114f93 (webtiles) character file.

70 Saways the Ruffian (level 4, -2/48 HPs)
             Began as a Troll Monk on Sept 24, 2016.
             Was a Believer of Cheibriados.
             Slain by a troll (12 damage)
             ... in the Dungeon (Sprint IX: "|||||||||||||||||||||||||||||").
             The game lasted 00:00:40 (132 turns).

Saways the Ruffian (Troll Monk)                      Turns: 132, Time: 00:00:40

Health: -2/48      AC:  7    Str: 29    XL:     4   Next: 3%
Magic:  3/3        EV: 12    Int: 10    God:    Cheibriados [**....]
Gold:   0          SH:  0    Dex: 17    Spells: 0 memorised, 3 levels left

rFire  . . .     SeeInvis .       - Unarmed
rCold  . . .     Gourm    +     a - +0 robe
rNeg   . . .     Faith    .     (no shield)
rPois  .         Spirit   .     (helmet restricted)
rElec  .         Dismiss  .     m - +0 cloak
rCorr  .         Reflect  .     (gloves unavailable)
MR     .....     Harm     .     (boots unavailable)
Stlth  ++........ NoTele   +    (no amulet)
                                n - +3 ring of strength
                                o - +3 ring of strength

@: very slow
A: unfitting armour, claws 3, fast metabolism 3, gourmand, regeneration 1,
shaggy fur 1, tough skin 2
a: Bend Time, Renounce Religion


You were in the Dungeon.
You worshipped Cheibriados.
Cheibriados was pleased with you.
You were not hungry.

You visited 1 branch

Inventory:

Armour
 a - a +0 robe (worn)
 m - a +0 cloak (worn)
Jewellery
 n - a +3 ring of strength (right claw)
 o - a +3 ring of strength (left claw)
Wands
 l - a wand of acid (7/15)
Scrolls
 h - 2 scrolls of blinking
 j - 3 scrolls of remove curse
 k - 2 scrolls of amnesia
Potions
 c - 5 potions of curing
 d - 2 potions of heal wounds
 e - a potion of haste
 f - 4 potions of magic
 g - a potion of berserk rage
 i - a potion of invisibility
Comestibles
 b - 2 bread rations


   Skills:
 + Level 3.8 Fighting
 + Level 3.8 Dodging
 - Level 1.1 Stealth
 * Level 6.7 Unarmed Combat


You had 3 spell levels left.
You didn't know any spells.

Dungeon Overview and Level Annotations

Branches:
Dungeon (1/1)

Altars:
Cheibriados
Dithmenos
Elyvilon
Fedhas
Gozag
Hepliaklqana
Kikubaaqudgha
Makhleb
Nemelex Xobeh
Okawaru
Qazlal
Ru
Sif Muna
Trog
Uskayaw
Vehumet
Xom
Yredelemnul
Zin
The Shining One
Beogh
Jiyva
Lugonu


Innate Abilities, Weirdness & Mutations

You are too large for most types of armour.
You have claws for hands.
Your metabolism is lightning-fast.
You like to eat raw meat.
Your natural rate of healing is unusually fast.
You are covered in fur. (AC +1)
You have very tough skin. (AC +2)


Message History

Unknown command.
You claw the quokka!
You kill the quokka!
Cheibriados appreciates the change of pace.
The centaur shouts!
The troll shouts!
The troll bites you. The troll closely misses you. The troll claws you!
The troll bites you! The troll claws you but does no damage.
The troll claws you!
* * * LOW HITPOINT WARNING * * *
There is an open door to the Dungeon, spattered with blood here.
You are too injured to fight recklessly!
You are too injured to fight recklessly!
You are too injured to fight recklessly!
Unknown command.
You feel much better. The troll bites you!
* * * LOW HITPOINT WARNING * * *
The troll claws you.
* * * LOW HITPOINT WARNING * * *
The troll claws you!
You die... ▓▓▓▓▓▓▓▓▓▓▓▓▓▓▓▓▓▓▓▓▓▓▓▓ +c.WsWT@..[.[)|..'._____ ▓▓▓▓▓▓▓▓▓▓▓▓▓▓▓▓▓▓▓▓▓▓▓▓

You could see a troll, a phantom, a hungry ghost, a centaur and a scorpion.

Vanquished Creatures
  A jelly (D)
  An iguana (D)
  An adder zombie (D)
  An orc (D)
  4 bats (D)
  A jackal (D)
  A quokka (D)
  A frilled lizard (D)
11 creatures vanquished.

Notes
Turn   | Place    | Note
-------+----------+-------------------------------------------
     0 | D        | Saways the Troll Monk began the quest for the Orb.
     0 | D        | Reached XP level 1. HP: 22/22 MP: 0/0
    19 | D        | Reached skill level 4 in Unarmed Combat
    25 | D        | Noticed a jelly
    25 | D        | Noticed an iguana
    30 | D        | Killed an iguana
    30 | D        | Reached skill level 5 in Unarmed Combat
    30 | D        | Reached XP level 2. HP: 11/31 MP: 1/1
    30 | D        | Reached XP level 3. HP: 14/37 MP: 2/2
    32 | D        | Reached skill level 6 in Unarmed Combat
    40 | D        | Reached XP level 4. HP: 17/48 MP: 3/3
    45 | D        | Found a roughly hewn altar of Beogh.
    45 | D        | Found a snail-covered altar of Cheibriados.
    45 | D        | Found a shadowy altar of Dithmenos.
    45 | D        | Found a white marble altar of Elyvilon.
    45 | D        | Found a blossoming altar of Fedhas.
    45 | D        | Found an opulent altar of Gozag.
    46 | D        | Found a hazy altar of Hepliaklqana.
    47 | D        | Found a viscous altar of Jiyva.
    48 | D        | Found an ancient bone altar of Kikubaaqudgha.
    51 | D        | Found a corrupted altar of Lugonu.
    52 | D        | Found a burning altar of Makhleb.
    55 | D        | Became a worshipper of Cheibriados the Contemplative
    55 | D        | Reached * piety under Cheibriados
    55 | D        | Reached ** piety under Cheibriados
    58 | D        | Found a sparkling altar of Nemelex Xobeh.
    59 | D        | Found an iron altar of Okawaru.
    60 | D        | Found a stormy altar of Qazlal.
    61 | D        | Found a sacrificial altar of Ru.
    62 | D        | Found a deep blue altar of Sif Muna.
    63 | D        | Found a bloodstained altar of Trog.
    64 | D        | Found a hide-covered altar of Uskayaw.
    90 | D        | Found a radiant altar of Vehumet.
    91 | D        | Found a shimmering altar of Xom.
    92 | D        | Found a basalt altar of Yredelemnul.
    93 | D        | Found a glowing silver altar of Zin.
    94 | D        | Found a glowing golden altar of the Shining One.
   129 | D        | Noticed a centaur
   129 | D        | Noticed a hungry ghost
   129 | D        | Noticed a phantom
   129 | D        | Noticed a troll
   132 | D        | Slain by a troll

Vault maps used:
D:        linesprint

Skill      XL: |  1  2  3 |
---------------+----------+-----
Unarmed Combat | 5 6 |  6.7
Fighting       | 3 |  3.8
Dodging        | 3 |  3.8
Stealth        | |  1.1

Action                   |  1- 3 |  4- 6 || total
-------------------------+-------+-------++-------
Melee: Unarmed           |    28 |     1 ||    29
       Punch             |     1 |       ||     1
  Use: Potion            |       |     1 ||     1
 Stab: Sleeping          |     1 |       ||     1
Armor: Robe              |    10 |     1 ||    11
Dodge: Dodged            |    18 |     2 ||    20
